AoeStats
← y.尊 尊

African Clearing

510340487Analyzed
2v2 RM · 10h ago on Sep 30, 2026· 31m 49s· 4 players
Game mode
Random Map
Map size
Medium (4 player)
Population
200
Speed
Normal
Resources
Standard
Victory
Conquest
Starting age
Dark Age
Ending age
Imperial Age
RankedLock teamsTeams togetherTeam positionsShared explorationLock speedFull tech treeHidden civsTurbo modeCheats
Victory
Defeat
🇵🇰 Mongols · Pakistan
962
+14
🇨🇳 Magyars · China
955
+14
🇺🇸 Franks · United States
923
-15
🇺🇸 Japanese · United States
897
-13
y.尊 尊
7:43 Loom
15:42 Feudal Age
17:03 Double-Bit Axe
17:56 Wheelbarrow
20:56 Bloodlines
21:22 Scale Barding Armor
29:17 Castle Age
29:36 Stone Mining
titan_oranos
4:20 Loom
6:04 Loom
14:44 Feudal Age
17:15 Double-Bit Axe
19:52 Horse Collar
20:54 Gold Mining
20:55 Stone Mining
23:41 Town Watch
26:43 Castle Age
25:58 Bloodlines
30:38 Husbandry
32:32 Forging
dancing crab
12:15 Loom
14:43 Feudal Age
15:43 Double-Bit Axe
16:47 Bloodlines
18:29 Horse Collar
20:06 Fletching
24:17 Forging
24:12 Scale Barding Armor
27:43 Castle Age
28:19 Scale Mail Armor
28:22 Padded Archer Armor
28:21 Pikeman
29:28 Crossbowman
31:54 Squires
MINIATURE PENIS
17:24 Feudal Age
17:30 Man-at-Arms
25:49 Double-Bit Axe
Connection lost

Rejoining the realm…

Still unreachable

The connection could not be restored.

Session expired

The server has moved on; the page needs a fresh start.